 Dungeon Crawl Stone Soup version 0.28.0-53-g5a82cb258f (webtiles) character file.

Game seed: 8361564490483052623

184 mcbry74 the Sneak (level 5, -6/31 HPs)
             Began as an Octopode Hedge Wizard on July 4, 2022.
             Mangled by a gnoll
             ... wielding a +0 spear
              (8 damage)
             ... on level 3 of the Dungeon.
             The game lasted 00:16:16 (4143 turns).

mcbry74 the Sneak (Octopode Hedge Wizard)           Turns: 4143, Time: 00:16:16

Health: -6/31      AC:  1    Str:  9    XL:     5   Next: 64%
Magic:  5/9        EV: 13    Int: 18    God:
Gold:   79         SH:  0    Dex: 12    Spells: 5/10 levels left

rFire   . . .      SeeInvis .   h - +2 dagger (venom)
rCold   . . .      Faith    .   (no shield)
rNeg    . . .      Spirit   .   b - +0 hat
rPois   .          Reflect  .   (no amulet)
rElec   .          Harm     .   (no ring)
rCorr   .          Rampage  .   (no ring)
Will    .....                   (no ring)
Stlth   ++........              (no ring)
HPRegen 0.10/turn               (no ring)
MPRegen 0.11/turn               (no ring)
                                (no ring)
                                (no ring)

@: lit by a corona, glowing
A: almost no armour, amphibious, 8 rings, camouflage 1, gelatinous body 1,
(nimble swimmer 1), tentacles
a: no special abilities


You were on level 3 of the Dungeon.
You visited 1 branch of the dungeon, and saw 3 of its levels.

You collected 79 gold pieces.

Inventory:

Hand Weapons
 a - a +0 dagger
 h - a +2 dagger of venom (weapon)
 s - a +0 club
Missiles
 q - 2 throwing nets
 r - 13 stones
Armour
 b - a +0 hat (worn)
 g - a +0 buckler
Magical Staves
 n - a staff of air
Jewellery
 p - a ring of flight
Scrolls
 c - 6 scrolls of identify {unknown}
 d - a scroll of holy word {unknown}
 f - 2 scrolls of teleportation {unknown}
 i - a scroll of torment {unknown}
 j - a scroll of fog {unknown}
 l - a scroll of enchant armour {unknown}
 o - a scroll of immolation {unknown}
Potions
 e - 2 potions of curing {unknown}
 k - a potion of heal wounds {unknown}
 m - 2 potions of attraction {unknown}


   Skills:
 + Level 0.0 Short Blades
 - Level 2.0 Dodging
 - Level 5.0 Stealth
 - Level 3.0 Spellcasting
 * Level 4.4 Conjurations
 - Level 1.0 Summonings
 - Level 1.0 Translocations
 * Level 0.0 Earth Magic


You had 5 spell levels left.
You knew the following spells:

 Your Spells              Type           Power      Damage    Failure   Level
a - Magic Dart            Conj           72%        1d6       2%          1
b - Slow                  Hex            8%         N/A       16%         1
c - Call Imp              Summ           6%         N/A       16%         2
d - Sandblast             Erth           4%         2d4       16%         1

Your spell library contained the following spells:

 Spells                   Type           Power      Damage    Failure   Level
 Animate Skeleton         Necr           4%         N/A       16%         1
 Pain                     Necr           8%         1d4       16%         1
 Blink                    Tloc           12%        N/A       16%         2
 Conjure Flame            Conj/Fire      10%        6-21      21%         3
 Stone Arrow              Conj/Erth      20%        3d8       21%         3
 Passwall                 Tmut/Erth      1%         N/A       24%         2
 Mephitic Cloud           Conj/Pois/Air  7%         N/A       26%         3
 Vampiric Draining        Necr           2%         2d6       43%         3


Dungeon Overview and Level Annotations

Branches:
Dungeon (3/15)

Altars:
Makhleb
Uskayaw


Innate Abilities, Weirdness & Mutations

You cannot wear most types of armour.
You are amphibious.
You can wear up to eight rings at the same time.
Your skin changes colour to match your surroundings (Stealth+).
Your rubbery body absorbs attacks. (AC +1, EV +1)
((You are camouflaged when in or above water. (Stealth+)))
You have tentacles for arms and can constrict up to eight enemies at once.


Message History

Aiming: Magic Dart (safe; 2% risk of failure)
Press: ? - help, Shift-Dir - straight line, f/p - gnoll shaman
Aim: a gnoll shaman, wielding a +0 club and wearing a +0 leather armour (heavily wounded, 100% to hit)
The magic dart hits the gnoll shaman but does no damage.
The gnoll shaman is heavily wounded.
You hit the gnoll shaman but do no damage.
You grab the gnoll shaman.
The gnoll shaman is heavily wounded.
You constrict the gnoll shaman, but do no damage.
The gnoll shaman struggles to escape constriction.
You hit the gnoll shaman.
The gnoll shaman is poisoned.
The gnoll shaman is severely wounded.
You constrict the gnoll shaman, but do no damage.
The gnoll shaman escapes!
The gnoll shaman prays to its god.
The gnoll shaman is healed somewhat.
The gnoll hits you with a +0 spear.
You hit the gnoll shaman but do no damage.
The gnoll shaman looks as sick as possible!
Your grab misses the gnoll shaman. Your squeeze misses the gnoll shaman.
The gnoll shaman is severely wounded.
The gnoll shaman hits you with a +0 club!
The gnoll closely misses you.
You barely miss the gnoll shaman. You grab the gnoll shaman.
You squeeze the gnoll shaman, but do no damage.
The gnoll shaman is severely wounded.
You constrict the gnoll shaman, but do no damage.
The gnoll shaman hits you with a +0 club!
* * * LOW HITPOINT WARNING * * *
The gnoll hits you with a +0 spear!
* * * LOW HITPOINT WARNING * * *
You closely miss the gnoll. You grab the gnoll.
You constrict the gnoll shaman, but do no damage.
You constrict the gnoll, but do no damage.
The gnoll shaman misses you. The gnoll barely misses you.
You hit the gnoll but do no damage. You squeeze the gnoll.
The gnoll is moderately wounded.
You constrict the gnoll shaman, but do no damage.
You constrict the gnoll. The gnoll shaman closely misses you.
The gnoll hits you with a +0 spear!
You die...

#.#.### #.# #.♣.♣♣.♣♣.♣.......
..#...###.######.♣.......♣.######
#####....g.......♣♣♣♣.♣♣♣♣.#
..#...###.#####............#
#†#.### #.### #..♣♣♣♣.♣♣♣♣.#
#)..# #...# ##.♣.......♣.######
##### ###.# #.♣.♣♣.♣♣.♣.......
#.# #g..♣...♣...###### #.#
#@♣♣♣._.♣♣♣....# #.#
#.g..........#.###
#.#######..#.####......
#...g.....##...........
############.########## #.# #.#
#.########## #...........


You could see a gnoll shaman (extremely poisoned) and a gnoll.

Vanquished Creatures
  2 orc wizards (D:3)
  4 gnolls (D:3)
  3 adders
  2 dart slugs
  6 orcs (D:3)
  6 endoplasms
  2 giant cockroaches (D:3)
  6 goblins
  4 hobgoblins
  2 jackals (D:2)
  3 quokkas
  7 ball pythons
  6 bats
  A frilled lizard (D:3)
  4 kobolds
  5 rats
63 creatures vanquished.

Notes
Turn   | Place    | Note
-------+----------+-------------------------------------------
     0 | D:1      | mcbry74 the Octopode Hedge Wizard began the quest for the
                  | Orb.
     0 | D:1      | Reached XP level 1. HP: 11/11 MP: 4/4
   246 | D:1      | Reached skill level 3 in Stealth
   278 | D:1      | Reached XP level 2. HP: 11/17 MP: 1/6
   963 | D:1      | Found a faded altar of an unknown god.
  1286 | D:2      | Reached XP level 3. HP: 21/21 MP: 7/7
  2064 | D:3      | Reached skill level 4 in Stealth
  2064 | D:3      | Reached XP level 4. HP: 23/27 MP: 6/8
  2450 | D:3      | Found a hide-covered altar of Uskayaw.
  2470 | D:3      | Found a burning altar of Makhleb.
  3063 | D:3      | Reached XP level 5. HP: 31/31 MP: 4/9
  3849 | D:2      | Learned a level 1 spell: Slow
  3852 | D:2      | Learned a level 2 spell: Call Imp
  3854 | D:2      | Learned a level 1 spell: Sandblast
  3864 | D:3      | Reached skill level 5 in Stealth
  4141 | D:3      | HP: 1/31 [gnoll/+0 spear (7)]
  4143 | D:3      | Mangled by a gnoll

Illustrated notes

Levels and vault maps discovered:
D:1:      lemuel_arrival_funnel, layout_basic, ebering_ecumenical_altar_mist,
          due_unseen_surprise
D:2:      layout_basic
D:3:      layout_loops_ring, mainiacjoe_overflow_large_starburst,
          grunt_ministairs_8

Skill      XL: |  1  2  3  4  5 |
---------------+----------------+-----
Stealth        | 3 4 5 |  5.0
Conjurations   | 2 3 4 |  4.4
Dodging        | |  2.0
Spellcasting   | |  3.0
Summonings     | |  1.0
Translocations | |  1.0

Action                   |  1- 3 |  4- 6 || total
-------------------------+-------+-------++-------
Melee: Dagger            |    60 |    41 ||   101
       Constrict         |    13 |    11 ||    24
       Tentacles         |    11 |     8 ||    19
       Punch             |     1 |     1 ||     2
 Cast: Magic Dart        |    13 |    37 ||    50
 Stab: Sleeping          |    15 |    10 ||    25
Armor: Skin              |     2 |       ||     2
Dodge: Dodged            |    33 |    13 ||    46
